AoeStats
← Bobbmon

African Clearing

506228065Analyzed
2v2 RM · 20d ago on Sep 12, 2026· 23m 30s· 4 players
Game mode
Random Map
Map size
Medium (4 player)
Population
200
Speed
Normal
Resources
Standard
Victory
Conquest
Starting age
Dark Age
Ending age
Imperial Age
RankedLock teamsTeams togetherTeam positionsShared explorationLock speedFull tech treeHidden civsTurbo modeCheats
Victory
Defeat
🇳🇿 Mongols · New Zealand
1433
+13
🇮🇳 Huns · India
1423
+14
🇸🇪 Japanese · Sweden
1441
-16
🇸🇪 Armenians · Sweden
1300
-11
UncleRambo69
4:04 Loom
12:58 Feudal Age
14:16 Double-Bit Axe
18:38 Castle Age
17:43 Gold Mining
18:15 Fletching
22:21 Bodkin Arrow
23:26 Husbandry
NewNormal
7:51 Loom
11:43 Feudal Age
12:15 Double-Bit Axe
14:18 Forging
15:23 Scale Barding Armor
18:09 Bloodlines
22:30 Castle Age
21:20 Gold Mining
21:15 Horse Collar
22:11 Town Watch
23:02 Wheelbarrow
23:07 Light Cavalry
Bobbmon
6:48 Loom
12:54 Feudal Age
13:36 Double-Bit Axe
22:43 Horse Collar
banana panin
11:27 Feudal Age
9:44 Loom
12:02 Double-Bit Axe
20:30 Castle Age
19:43 Fletching
20:12 Bloodlines
22:27 Bow Saw
Connection lost

Rejoining the realm…

Still unreachable

The connection could not be restored.

Session expired

The server has moved on; the page needs a fresh start.